 Dungeon Crawl Stone Soup version 0.17.2-1-ge4368a0 (webtiles) character file.

20 tidbits the Insei (level 2, -1/22 HPs)
             Began as a Demigod Transmuter on Sept 22, 2017.
             Slain by a goblin (3 damage)
             ... on level 3 of the Dungeon.
             The game lasted 00:03:38 (496 turns).

tidbits the Insei (Demigod Transmuter)               Turns: 496, Time: 00:03:38

Health: -1/22      AC:  2    Str: 13    XL:     2   Next: 42%
Magic:  6/7        EV: 12    Int: 22    God:
Gold:   36         SH:  0    Dex: 16    Spells: 2 memorised, 2 levels left

rFire  . . .     SeeInvis .       - Unarmed
rCold  . . .     Clarity  .     b - +0 robe
rNeg   . . .     SustAt   +     (no shield)
rPois  .         Gourm    .     (no helmet)
rElec  .         Spirit   .     (no cloak)
rCorr  .         Warding  .     (no gloves)
rMut   .         Stasis   .     (boots currently unavailable)
MR     .....                    (no amulet)
Stlth  +.........               (no ring)
                                (no ring)

@: brilliant, appendage, not resistant to hostile enchantments, very unstealthy
A: talons 3, deterioration 1, high mp 1, sense surroundings 1, sustain
attributes, MP-powered wands
a: End Transformation


You were on level 3 of the Dungeon.
You were not hungry.
You had grown temporary talons.
You visited 1 branch of the dungeon, and saw 3 of its levels.

You collected 36 gold pieces.

Inventory:

Hand Weapons
 m - a -1 short sword
   (You found it on level 2 of the Dungeon)
Missiles
 a - 28 arrows
 f - 18 bolts of penetration
Armour
 b - a +0 robe (worn)
 k - a +0 shield
   (You found it on level 2 of the Dungeon)
Scrolls
 e - a scroll of recharging {unknown}
 g - a scroll of fog {unknown}
 o - a scroll of fear {unknown}
Potions
 h - a potion of curing {unknown}
 j - a potion of mutation {!q}
 n - a potion of agility {unknown}
Books
 c - a book of Changes

   Spells                             Type                      Level
   a - Beastly Appendage              Transmutation                1
   b - Sticks to Snakes               Transmutation                2
   c - Spider Form                    Transmutation/Poison         3
   d - Ice Form                       Ice/Transmutation            4
   e - Blade Hands                    Transmutation                5
Comestibles
 d - a bread ration
 i - a meat ration


   Skills:
 - Level 0.8 Fighting
 - Level 1.7 Dodging
 * Level 3.2 Unarmed Combat
 - Level 2.0 Spellcasting
 + Level 2.0 Transmutations


You had 2 spell levels left.
You knew the following spells:

 Your Spells              Type           Power        Failure   Level  Hunger
e - Beastly Appendage     Trmt           ###...       1%          1    #......
k - Sticks to Snakes      Trmt           ###.......   1%          2    ##.....


Dungeon Overview and Level Annotations

Branches:
Dungeon (3/15)


Innate Abilities, Weirdness & Mutations

You have an increased reservoir of magic (+10% MP).
Your attributes are resistant to harm.
You have claws for feet.
Your body sometimes deteriorates upon taking damage.
You passively map a small area around you.
You expend magic power (3 MP) to strengthen your wands.


Message History

You kill the giant newt!
Your transformation is almost over.
Casting: Beastly Appendage
Confirm with . or Enter, or press ? or * to list all spells.
You create a snake!
You hit the worm. Your kick misses the worm.
The worm is lightly wounded.
Your ball python bites the worm but does no damage.
Your ball python completely misses the worm.
You barely miss the worm.
The worm is lightly wounded.
The worm bites you.
Your ball python closely misses the worm.
Your ball python grabs the worm.
Your ball python constricts the worm.
You hit the worm.
The worm is heavily wounded.
Your ball python bites the worm but does no damage.
Your ball python constricts the worm.
You hit the worm but do no damage. You claw the worm.
The worm is severely wounded.
Your ball python bites the worm.
Your ball python constricts the worm.
The worm barely misses you.
You hit the worm.
You kill the worm!
You swap places.
Your talons disappear.
You now have 36 gold pieces (gained 10).
A giant gecko comes into view.
Found 18 arrows.
The giant gecko barely misses you.
Something barely misses your ball python.
You swap places.
The giant gecko barely misses you.
You closely miss the giant gecko. The giant gecko closely misses you.
You closely miss the giant gecko. The giant gecko closely misses you.
The giant gecko bites you.
* * * LOW HITPOINT WARNING * * *
You closely miss the giant gecko. The giant gecko bites you.
* * * LOW HITPOINT WARNING * * *
The giant gecko barely misses your ball python.
Your ball python bites the giant gecko.
Your ball python grabs the giant gecko.
Your ball python constricts the giant gecko.
The giant gecko closely misses your ball python.
Your ball python bites the giant gecko.
Your ball python constricts the giant gecko.
Something bites your ball python.
Your ball python dies!
Casting: Sticks to Snakes
Confirm with . or Enter, or press ? or * to list all spells.
You miscast Beastly Appendage.
You are very lightly contaminated with residual magic.
Strange energies run through your body.
Casting: Beastly Appendage
Confirm with . or Enter, or press ? or * to list all spells.
You create a snake!
Your adder barely misses the giant gecko.
The giant gecko bites you.
* * * LOW HITPOINT WARNING * * *
Casting: Sticks to Snakes
Confirm with . or Enter, or press ? or * to list all spells.
Your feet morph into talons.
Your adder closely misses the giant gecko.
The giant gecko bites you but does no damage.
Your adder bites the giant gecko.
You barely miss the giant gecko. You claw the giant gecko.
You kill the giant gecko!
You swap places.
You see here a giant gecko corpse.
Your transformation is almost over.
a - 28 arrows (gained 18)
Your talons disappear.
Your magical contamination has completely faded away.
You swap places.
A goblin and a hobgoblin come into view.
The hobgoblin shouts!
Casting: Beastly Appendage
Confirm with . or Enter, or press ? or * to list all spells.
Your feet morph into talons.
The goblin shouts!
You hear a shout!
The goblin wields a hunting sling.
The goblin shoots a stone.
The stone barely misses you. The stone hits your adder!
Your adder dies!
The goblin shoots a stone.
The stone hits you.
* * * LOW HITPOINT WARNING * * *
You see here a stone.
The goblin unwields an uncursed hunting sling.
The goblin hits you.
* * * LOW HITPOINT WARNING * * *
Found a stone staircase leading down.
Drink which item? (? for menu, Esc to quit)
It was a potion of mutation.
You feel extremely strange.
You feel your magical essence link to your wands.
You feel a strange attunement to the structure of the dungeons.
You feel yourself wasting away. The goblin hits you.
* * * LOW HITPOINT WARNING * * *
Drink which item? (? for menu, Esc to quit)
It was a potion of brilliance.
You feel clever all of a sudden. The goblin hits you.
You die...

##.# * ...# #.. ..#
, , * ...# #.. ..#
* ...# ...* .>##
...#####*
##.##**.b. ,
........ #..., ,..
###########.g# *g#
..........#..####.#
,
.............(.(@g#
.##########.#######
.# ###.#.###### .#
#..###.....# ##
#.#.#.####.# #
######.##.## #.#
###.†.......# #.#
##.....#.#### #.#
.......#.# #.#


You could see a hobgoblin, a goblin and a bat.

Vanquished Creatures
  2 worms (D:3)
  2 giant geckos (D:3)
  An orc (D:3)
  A giant cockroach (D:3)
  2 goblins (D:1)
  A hobgoblin (D:2)
  A giant newt (D:3)
  A kobold (D:2)
  2 rats
13 creatures vanquished.

Notes
Turn   | Place    | Note
--------------------------------------------------------------
     0 | D:1      | tidbits the Demigod Transmuter began the quest for the Orb.
     0 | D:1      | Reached XP level 1. HP: 15/15 MP: 5/5
   112 | D:3      | Noticed an orc wizard
   193 | D:2      | Reached skill level 2 in Transmutations
   387 | D:3      | Reached skill level 3 in Unarmed Combat
   387 | D:3      | Reached XP level 2. HP: 14/22 MP: 5/7
   395 | D:3      | Learned a level 2 spell: Sticks to Snakes
   407 | D:3      | Reached skill level 2 in Spellcasting
   495 | D:3      | Gained mutation: You expend magic power (3 MP) to strengthen your wands. [potion of mutation]
   495 | D:3      | Gained mutation: You passively map a small area around you. [potion of mutation]
   495 | D:3      | Gained mutation: Your body sometimes deteriorates upon taking damage. [potion of mutation]
   495 | D:3      | HP: 2/22 [goblin (2)]
   496 | D:3      | Slain by a goblin

Action                   || total
-------------------------++-------
Melee: Unarmed           ||    41
 Cast: Beastly Appendage ||    11
       Sticks to Snakes  ||     2
  Use: Scroll            ||     2
       Potion            ||     2

Table legend:
 A = Turns spent in this place as a percentage of turns spent in the entire game.
 B = Non-inter-level travel turns spent in this place as a percentage of non-inter-level travel turns spent in the entire game.
 C = Inter-level travel turns spent in this place as a percentage of turns spent in this place.
 D = Turns resting spent in this place as a percentage of non-inter-level travel turns spent in this place.
 E = Turns spent auto-exploring this place as a percentage of non-inter-level travel turns spent in this place.
 F = Non-inter-level travel turns spent in this place divided by the number of levels of this place that you've seen.
                   A       B       C       D       E      F
               +-------+-------+-------+-------+-------+----------------------
         Total | 100.0 | 100.0 |   0.0 |   0.0 |   0.0 | 129.0
       Dungeon | 100.0 | 100.0 |   0.0 |   0.0 |   0.0 | 129.0
               +-------+-------+-------+-------+-------+----------------------

Table legend:
 A = Kills in this place as a percentage of kills in entire the game.
 B = Kills by you in this place as a percentage of kills by you in the entire game.
 C = Kills by friends in this place as a percentage of kills by friends in the entire game.
 D = Other kills in this place as a percentage of other kills in the entire game.
 E = Experience gained in this place as a percentage of experience gained in the entire game.
 F = Experience gained in this place divided by the number of levels of this place that you have seen.
                   A       B       C       D       E      F
               +-------+-------+-------+-------+-------+----------------------
         Total | 100.0 | 100.0 |  -nan |  -nan | 100.0 |   9.7
       Dungeon | 100.0 | 100.0 |  -nan |  -nan | 100.0 |   9.7
               +-------+-------+-------+-------+-------+----------------------

Vault maps used:
D:1:      onia_arrival_mini_maze_b, hangedman_abyss_or_decor_lesser_grid
